 Dungeon Crawl Stone Soup version 0.27.1 (webtiles) character file.

Game seed: 3874111313990105243

2223 GameOver the Tainter (level 9, -12/73 HPs)
             Began as a Naga Hedge Wizard on Sept 3, 2021.
             Mangled by a two-headed ogre (22 damage)
             ... on level 6 of the Dungeon.
             The game lasted 00:37:12 (4090 turns).

GameOver the Tainter (Naga Hedge Wizard)            Turns: 4090, Time: 00:37:12

Health: -12/73     AC:  6    Str: 13    XL:     9   Next: 35%
Magic:  1/16       EV:  9    Int: 18    God:
Gold:   132        SH:  0    Dex: 10    Spells: 9/18 levels left

rFire    . . .     SeeInvis +   w - +3 quarterstaff (chaos)
rCold    . . .     Faith    .   (shield currently unavailable)
rNeg     . . .     Spirit   .   b - +0 robe
rPois    +         Reflect  .   c - +0 helmet
rElec    .         Harm     .   o - +0 cloak
rCorr    .         Rampage  .   (no gloves)
Will     +....                  (no barding)
Stlth    +++.......             (no amulet)
HPRegen  0.22/turn              (no ring)
MPRegen  0.15/turn              (no ring)

@: mighty, short of breath, very slow
A: AC +3, large, see invisible, deformed body, poison resistance, slowness 2,
spit poison 1, naga tail 1
a: Spit Poison


You were on level 6 of the Dungeon.
You visited 1 branch of the dungeon, and saw 6 of its levels.

You collected 228 gold pieces.
You spent 96 gold pieces at shops.

Inventory:

Hand Weapons
 q - a +0 hunting sling
 s - a +0 spear
 v - a +4 mace
 w - a +3 quarterstaff of chaos (weapon)
 x - a +2 mace of draining
 W - a +0 dagger of venom
Missiles
 E - 21 sling bullets
Armour
 b - a +0 robe (worn)
 c - a +0 helmet (worn)
 o - a +0 cloak (worn)
Magical Staves
 e - a staff of death
Wands
 j - a wand of flame (36)
Scrolls
 d - 2 scrolls of teleportation {unknown}
 g - a scroll of noise {unknown}
 h - a scroll of summoning {unknown}
 i - a scroll of fear {unknown}
 k - 2 scrolls of enchant armour {unknown}
 l - 3 scrolls of identify {unknown}
 n - 2 scrolls of blinking {unknown}
 p - 2 scrolls of immolation {unknown}
 y - a scroll of magic mapping {unknown}
 C - a scroll of fog {unknown}
 D - a scroll of enchant weapon {unknown}
 F - a scroll of amnesia {unknown}
Potions
 a - 3 potions of curing
 f - 2 potions of heal wounds
 m - 4 potions of invisibility
 t - a potion of flight {unknown}
 u - 2 potions of degeneration {unknown}
 z - a potion of lignification {unknown}
 A - 2 potions of mutation {unknown}
 B - a potion of haste


   Skills:
 + Level 1.7 Fighting
 - Level 4.0 Staves
 - Level 1.5 Dodging
 + Level 6.8 Stealth
 - Level 5.0 Spellcasting
 - Level 6.0 Conjurations
 - Level 1.0 Summonings
 - Level 3.0 Translocations
 + Level 8.2 Poison Magic
 + Level 1.7 Evocations


You had 9 spell levels left.
You knew the following spells:

 Your Spells              Type           Power      Damage    Failure   Level
a - Magic Dart            Conj           100%       1d8       1%          1
b - Blink                 Tloc           N/A        N/A       6%          2
d - Mephitic Cloud        Conj/Pois/Air  21%        N/A       5%          3
f - Conjure Flame         Conj/Fire      15%        6-21      12%         3

Your spell library contained the following spells:

 Spells                   Type           Power      Damage    Failure   Level
 Call Imp                 Summ           8%         N/A       13%         2
 Slow                     Hex            4%         N/A       21%         2


Dungeon Overview and Level Annotations

Branches:
Dungeon (6/15)
 Temple: D:4-7

Altars:
Cheibriados
Fedhas
Zin

Shops:
D:3 *

Annotations:
D:6 Menkaure


Innate Abilities, Weirdness & Mutations

Your serpentine skin is tough. (AC +3)
You have supernaturally acute eyesight. (SInv)
Armour fits poorly on your strangely shaped body.
Your system is resistant to poisons. (rPois)
You cover ground very slowly.
You can spit poison.
You have a snake-like lower body.


Message History

The two-headed ogre appears confused.
You see here a hound corpse.
Aiming: Throw Flame
Press: ? - help, Shift-Dir - straight line, f - two-headed ogre
Aim: a two-headed ogre, wielding two +0 giant clubs (noxious fumes, moderately wounded, confused, 98% to hit)
The puff of flame hits the two-headed ogre.
The two-headed ogre is moderately wounded.
The two-headed ogre is engulfed in noxious fumes.
Aiming: Throw Flame
Press: ? - help, Shift-Dir - straight line, f/p - two-headed ogre
Aim: a two-headed ogre, wielding two +0 giant clubs (noxious fumes, moderately wounded, confused, 98% to hit)
The puff of flame hits the two-headed ogre!
The two-headed ogre is heavily wounded.
The two-headed ogre is engulfed in noxious fumes.
Casting: Mephitic Cloud (dangerous; 5% risk of failure)
Confirm with . or Enter, or press ? or * to list all spells.
Aiming: Mephitic Cloud (dangerous; 5% risk of failure)
Press: ? - help, Shift-Dir - straight line, f/p - two-headed ogre
Aim: a two-headed ogre, wielding two +0 giant clubs (heavily wounded, confused, chance to affect: 53%)
The ball explodes into a vile cloud!
The stinking cloud engulfs the two-headed ogre but does no damage.
The two-headed ogre is heavily wounded.
The two-headed ogre is engulfed in noxious fumes.
The two-headed ogre appears confused.
Unknown command.
Unknown command.
You have got your breath back.
The two-headed ogre is engulfed in noxious fumes.
The two-headed ogre appears confused.
Press: ? - help, Shift-Dir - straight line, f/p - two-headed ogre
Aim: a two-headed ogre, wielding two +0 giant clubs (heavily wounded, confused)
The splash of poison hits the two-headed ogre!
The two-headed ogre is poisoned.
The two-headed ogre is severely wounded.
You thump the two-headed ogre!
You feel better.
The two-headed ogre is almost dead.
The two-headed ogre hits you with a +0 giant club!!
* * * LOW HITPOINT WARNING * * *
The two-headed ogre hits you with a +0 giant club!!
You die...

.#######
##...... ..
#....... #.
†.......
#.#
........
...# ..
^.######
... #.##
.## .$# ..#
## ..# ..
#.# #
..##.##@#
..#..#O#
#.##.#.#
#..#...#
#..#.###
##.#†)#
##..#..# #
#.)?#.## ##
[.....##..#


You could see a two-headed ogre (confused, poisoned).

Vanquished Creatures
  Prince Ribbit (D:6)
  Sigmund (D:2)
  A sky beast (D:6)
  A black bear (D:6)
  An ice beast (D:5)
  A necrophage (D:6)
  2 ogres
  2 phantoms
  A centaur (D:6)
  A bullfrog (D:4)
  3 scorpions
  4 howler monkeys
  3 hounds
  An orc priest (D:3)
  Crazy Yiuf (D:2)
  2 centaur skeletons (D:6)
  4 iguanas
  Jessica (D:2)
  Natasha (thrice) (D:2)
  A scorpion zombie (D:5)
  Ijyb (D:3)
  2 orc wizards
  Robin (D:3)
  2 howler monkey zombies
  A howler monkey skeleton (D:5)
  4 gnolls (D:5)
  3 adders
  A shadow imp (D:6)
  A white imp (D:5)
  An ufetubus (D:5)
  An adder skeleton (D:5)
  A worm (D:4)
  A dart slug (D:4)
  16 orcs
  10 endoplasms
  2 giant cockroaches
  15 goblins
  9 hobgoblins
  10 jackals
  3 quokkas
  13 ball pythons
  8 bats
  10 frilled lizards
  5 kobolds
156 creatures vanquished.

Vanquished Creatures (others)
  11 plants
11 creatures vanquished.

Grand Total: 167 creatures vanquished

Notes
Turn   | Place    | Note
-------+----------+-------------------------------------------
     0 | D:1      | GameOver the Naga Hedge Wizard began the quest for the Orb.
     0 | D:1      | Reached XP level 1. HP: 15/15 MP: 4/4
   149 | D:1      | Reached XP level 2. HP: 22/22 MP: 1/6
   362 | D:1      | Reached XP level 3. HP: 9/28 MP: 1/7
   686 | D:2      | Learned a level 2 spell: Blink
   690 | D:2      | Learned a level 3 spell: Mephitic Cloud
   690 | D:2      | Noticed Natasha
   698 | D:2      | Killed Natasha
   699 | D:2      | Reached XP level 4. HP: 34/36 MP: 5/8
   709 | D:2      | Noticed Sigmund
   722 | D:2      | Noticed Natasha
   730 | D:2      | Killed Natasha
   754 | D:2      | Noticed Jessica
   764 | D:2      | Killed Jessica
   771 | D:2      | Reached XP level 5. HP: 26/42 MP: 1/9
   875 | D:2      | Noticed Natasha
   906 | D:2      | Killed Natasha
   907 | D:2      | Reached skill level 5 in Conjurations
   918 | D:2      | Learned a level 3 spell: Conjure Flame
  1111 | D:2      | Found a runed translucent door.
  1112 | D:2      | Noticed Crazy Yiuf
  1276 | D:3      | Found Oqeihing's Assorted Antiques.
  1280 | D:3      | You fall into a shaft and drop 1 floor!
  1280 | D:4      | Found a blossoming altar of Fedhas.
  1451 | D:4      | Reached skill level 1 in Poison Magic
  1472 | D:3      | Reached XP level 6. HP: 49/49 MP: 6/10
  1505 | D:3      | Noticed Robin
  1516 | D:3      | Killed Robin
  1660 | D:3      | Bought a bubbling inky potion for 13 gold pieces
  1660 | D:3      | Bought 2 sedimented coppery potions for 27 gold pieces
  1660 | D:3      | Bought a scroll labelled HOLAMY DETZ for 15 gold pieces
  1660 | D:3      | Bought a red potion for 13 gold pieces
  1660 | D:3      | Bought a yellow potion for 13 gold pieces
  1660 | D:3      | Bought a scroll labelled CORIARCH IQON for 15 gold pieces
  1670 | D:3      | Found a faded altar of an unknown god.
  1678 | D:3      | Noticed Ijyb
  1712 | D:3      | Killed Ijyb
  1713 | D:3      | Reached skill level 2 in Poison Magic
  2028 | D:2      | Killed Sigmund
  2029 | D:2      | Reached skill level 3 in Poison Magic
  2029 | D:2      | Reached XP level 7. HP: 45/55 MP: 7/11
  2119 | D:2      | Killed Crazy Yiuf
  2389 | D:4      | Reached skill level 5 in Stealth
  2415 | D:4      | Reached skill level 1 in Staves
  2510 | D:4      | Found a snail-covered altar of Cheibriados.
  2715 | D:5      | Entered Level 5 of the Dungeon
  2829 | D:5      | Reached skill level 4 in Poison Magic
  2985 | D:5      | Reached XP level 8. HP: 49/62 MP: 5/12
  3152 | D:5      | Reached skill level 5 in Poison Magic
  3565 | D:5      | Found a glowing silver altar of Zin.
  3815 | D:6      | Reached skill level 6 in Poison Magic
  3835 | D:6      | Noticed Prince Ribbit
  3867 | D:6      | Killed Prince Ribbit
  3868 | D:6      | Reached skill level 7 in Poison Magic
  3902 | D:6      | Reached XP level 9. HP: 35/68 MP: 3/16
  3949 | D:6      | Noticed Menkaure
  3962 | D:6      | Reached skill level 5 in Spellcasting
  4034 | D:6      | Reached skill level 1 in Evocations
  4052 | D:6      | Reached skill level 1 in Fighting
  4052 | D:6      | Reached skill level 8 in Poison Magic
  4070 | D:6      | Noticed a two-headed ogre
  4090 | D:6      | Mangled by a two-headed ogre

Illustrated notes

Levels and vault maps discovered:
D:1:      minmay_arrival_nine_rooms, layout_rooms, minmay_misc_feat_square
D:2:      layout_basic, serial_forest, infiniplex_forest_clump_curved,
          infiniplex_forest_end_double, infiniplex_forest_straight_5,
          infiniplex_forest_clump_diagonal, infiniplex_forest_straight_4,
          infiniplex_forest_end_double, infiniplex_forest_corner_2,
          uniq_natasha, uniq_crazy_yiuf_cottage, uniq_jessica, uniq_sigmund
D:3:      layout_basic, serial_shops, shop,
          chequers_ecumenical_altar_simple_redux, minmay_misc_feat_x,
          uniq_robin, uniq_ijyb
D:4:      layout_cave_pools, mainiacjoe_overflow_paths,
          mainiacjoe_overflow_tiny_flanked, minmay_lizard_king
D:5:      layout_gridville, zin_statuary, minmay_overflow_temple_star_hex,
          st_stairs_10
D:6:      layout_rooms, minmay_temple_entry_butterflies, nzn_random_ring,
          uniq_prince_ribbit1, uniq_menkaure

Skill      XL: |  1  2  3  4  5  6  7  8  9 |
---------------+----------------------------+-----
Conjurations   | 2 3 4 5 6 |  6.0
Poison Magic   | 1 3 4 7 8 |  8.2
Stealth        | 4 6 |  6.8
Staves         | 2 4 |  4.0
Translocations | 3 |  3.0
Spellcasting   | 4 5 |  5.0
Evocations     | 1 |  1.7
Fighting       | 1 |  1.7
Dodging        | |  1.5
Summonings     | |  1.0

Action                   |  1- 3 |  4- 6 |  7- 9 || total
-------------------------+-------+-------+-------++-------
Melee: Short sword       |     2 |    21 |     2 ||    25
       Dagger            |     1 |       |     5 ||     6
       Quarterstaff      |       |       |    94 ||    94
 Cast: Magic Dart        |    38 |    71 |   108 ||   217
       Mephitic Cloud    |       |     4 |    16 ||    20
       Blink             |       |       |     6 ||     6
 Abil: Spit Poison       |    32 |    46 |    40 ||   118
Evoke: Wand              |       |       |     9 ||     9
  Use: Potion            |       |       |     4 ||     4
 Stab: Confused          |       |     3 |     2 ||     5
       Sleeping          |       |     1 |     3 ||     4
Armor: Robe              |     7 |    11 |    42 ||    60
Dodge: Dodged            |     7 |    12 |    62 ||    81
